 Dungeon Crawl Stone Soup version 0.30.1-9-gdf580d7c3d (webtiles) character file.

Game seed: 16939123941830286561

263 Ivernyr the Covered (level 6, -2/51 HPs)
             Began as a Formicid Fighter on Sept 29, 2023.
             Slain by Duvessa
             ... wielding a +0 short sword
              (5 damage)
             ... on level 3 of the Dungeon.
             The game lasted 00:04:34 (1787 turns).

Ivernyr the Covered (Formicid Fighter)              Turns: 1787, Time: 00:04:34

Health: -2/51      AC:  9    Str: 23    XL:     6   Next: 43%
Magic:  6/6        EV:  9    Int:  7    God:
Gold:   207        SH:  5    Dex: 13    Spells: 5/5 levels left

rFire   . . .        a - +0 flail
rCold   . . .        c - +0 buckler
rNeg    . . .        b - +0 scale mail
rPois   .            (helmet unavailable)
rElec   .            (no cloak)
rCorr   .            r - +0 pair of gloves
SInv    +            l - +0 pair of boots
Will    .....        (no amulet) Stlth
                     (no ring)
HPRegen 0.28/turn    (no ring)
MPRegen 0.10/turn

%: no passive effects
@: mighty
A: permanent stasis, dig shafts and tunnels, antennae 3, four strong arms
a: Dig, Shaft Self


You were on level 3 of the Dungeon.
You visited 1 branch of the dungeon, and saw 4 of its levels.

You collected 207 gold pieces.

Inventory:

Hand Weapons
 a - a +0 flail (weapon)
Armour
 b - a +0 scale mail (worn)
 c - a +0 buckler (worn)
 l - a +0 pair of boots (worn)
 r - a +0 pair of gloves (worn)
Jewellery
 f - a ring of protection from cold
Scrolls
 e - 4 scrolls of identify {unknown}
 h - 4 scrolls of fog {unknown}
 i - a scroll of teleportation {unknown}
 j - a scroll of vulnerability {unknown}
 k - a scroll of fear {unknown}
 m - a scroll of torment {unknown}
 q - 2 scrolls of magic mapping {unknown}
 t - a scroll of brand weapon {unknown}
 v - a scroll of poison {unknown}
Potions
 g - 4 potions of lignification {unknown}
 n - a potion of haste {unknown}
 o - 2 potions of invisibility {unknown}
 p - a potion of degeneration {unknown}
 s - 2 potions of curing {unknown}
 u - a potion of heal wounds {unknown}
 w - a potion of magic {unknown}


   Skills:
 + Level 5.0 Fighting
 + Level 3.9 Maces & Flails
 + Level 5.0 Armour
 - Level 4.0 Shields


You had 5 spell levels left.
You didn't know any spells.
Your spell library was empty.

Dungeon Overview and Level Annotations

Branches:
Dungeon (4/15)
 Temple: D:4-7

Altars:
Qazlal

Annotations:
D:3 Dowan, Duvessa


Innate Abilities, Weirdness & Mutations

You cannot be hasted, slowed, berserked, paralysed or teleported.
You can dig through walls and to a lower floor.
You have a pair of large antennae on your head. (SInv)
Your four strong arms can wield two-handed weapons with a shield.


Message History

Dowan points at Duvessa and mumbles some strange words.
Duvessa seems to speed up.
Duvessa attacks as you move away! Duvessa hits you with a +0 short sword.
You hit Duvessa.
Duvessa is lightly wounded.
You block Duvessa's attack. x2
You hit Duvessa but do no damage.
Duvessa is lightly wounded.
You block Duvessa's attack. Duvessa hits you with a +0 short sword!
You hit Duvessa.
Duvessa is moderately wounded.
You block Duvessa's attack. Duvessa hits you with a +0 short sword!
Dowan gestures wildly while chanting.
Dowan blinks!
You barely miss Duvessa.
Duvessa is moderately wounded.
You block Duvessa's attack. Duvessa hits you but does no damage.
You closely miss Duvessa.
Duvessa is moderately wounded.
Duvessa says, "Where magic fails, the sword succeeds!"
You block Duvessa's attack. Duvessa hits you with a +0 short sword!
You feel very mighty all of a sudden. Duvessa hits you with a +0 short sword.
You barely miss Duvessa.
Duvessa is lightly wounded.
You are no longer glowing.
Duvessa hits you but does no damage. Duvessa hits you with a +0 short sword.
You barely miss Duvessa.
Duvessa is lightly wounded.
You block Duvessa's attack. Duvessa hits you but does no damage.
You thump Duvessa!
Duvessa is moderately wounded.
Duvessa hits you with a +0 short sword!
* * * LOW HITPOINT WARNING * * *
Duvessa hits you with a +0 short sword!
* * * LOW HITPOINT WARNING * * *
You sock Duvessa!
Duvessa is heavily wounded.
Duvessa hits you with a +0 short sword.
You die...

#######...####.#########.#.......
##......### ##.# ##...########
...###### #..# ####..### ####.
.### ###.## #....## #.... .#
#####...## #.#### #####.... .#
#.>......# ### ####........ ##
#........# #####....#######
#........###.....####
#.[.....ee@..##### #........#####
#........# ##########


You could see Duvessa (fast) and Dowan.

Vanquished Creatures
  A sky beast (D:2)
  A hound (D:4)
  4 gnolls (D:2)
  3 adders (D:3)
  3 worms
  4 dart slugs
  7 ball pythons
  4 endoplasms
  3 giant cockroaches
  3 hobgoblins
  3 jackals (D:2)
  2 quokkas
  4 bats
  4 frilled lizards
  6 goblins
  4 kobolds
  8 rats
64 creatures vanquished.

Notes
Turn   | Place    | Note
-------+----------+-------------------------------------------
     0 | D:1      | Ivernyr the Formicid Fighter began the quest for the Orb.
     0 | D:1      | Reached XP level 1. HP: 18/18 MP: 1/1
    55 | D:1      | Reached XP level 2. HP: 24/24 MP: 2/2
   278 | D:1      | Reached XP level 3. HP: 30/30 MP: 3/3
   901 | D:2      | Reached XP level 4. HP: 36/37 MP: 4/4
  1102 | D:3      | Noticed a sky beast
  1102 | D:3      | Found a stormy altar of Qazlal.
  1126 | D:2      | Killed a sky beast
  1127 | D:2      | Reached XP level 5. HP: 18/43 MP: 5/5
  1324 | D:3      | Reached XP level 6. HP: 48/50 MP: 6/6
  1663 | D:4      | Reached skill level 5 in Fighting
  1663 | D:4      | Reached skill level 5 in Armour
  1748 | D:4      | Noticed Duvessa
  1748 | D:4      | Noticed Dowan
  1787 | D:3      | Slain by Duvessa

Illustrated notes

Levels and vault maps discovered:
D:1:      tarquinn_simple_flora_water_b, layout_rooms, glass_columns_b
D:2:      layout_loops_ring
D:3:      layout_rooms, nicolae_qazlal_beasts_of_the_sky
D:4:      layout_rooms, nemelex_diamond_rough_becter, cheibrodos_worm_habitat,
          uniq_duvessa

Skill      XL: |  1  2  3  4  5  6 |
---------------+-------------------+-----
Fighting       | 4 5 |  5.0
Armour         | 4 5 |  5.0
Maces & Flails | 3 |  3.9
Shields        | |  4.0

Action                     |  1- 3 |  4- 6 || total
---------------------------+-------+-------++-------
  Melee: Flail             |   100 |   104 ||   204
    Use: Potion            |       |     1 ||     1
 Armour: Scale mail        |    44 |    49 ||    93
  Dodge: Dodged            |    57 |    34 ||    91
  Block: Buckler           |    38 |    31 ||    69
